 Dungeon Crawl Stone Soup version 0.30-a0-4-ga7cffc901d (webtiles) character file.

Game seed: 16894666508160180015

2 SensoryNuts the Sneak (level 1, 0/17 HPs)
             Began as a Palentonga Brigand on Aug 21, 2022.
             Slain by a jackal (1 damage)
             ... on level 1 of the Dungeon.
             The game lasted 00:00:25 (35 turns).

SensoryNuts the Sneak (Palentonga Brigand)            Turns: 35, Time: 00:00:25

Health: 0/17       AC:  5    Str: 16    XL:     1   Next: 33%
Magic:  1/1        EV:  9    Int: 11    God:
Gold:   0          SH:  0    Dex: 11    Spells: 0/0 levels left

rFire   . . .      SeeInvis +    a - +2 dagger
rCold   . . .      Faith    .    (no shield)
rNeg    . . .      Spirit   .    b - +0 robe
rPois   .          Reflect  .    (no helmet)
rElec   .          Harm     .    c - +0 cloak
rCorr   .          Rampage  .    (no gloves)
Will    .....                    (no barding)
Stlth   ++........               (no amulet)
HPRegen 0.05/turn                (no ring)
MPRegen 0.07/turn                (no ring)

@: no status effects
A: large, rugged brown scales 3, see invisible, deformed body, roll 1, armoured
tail
a: Rolling Charge


You were on level 1 of the Dungeon.
You visited 1 branch of the dungeon, and saw 1 of its levels.

Inventory:

Hand Weapons
 a - a +2 dagger (weapon)
Missiles
 d - 9 poisoned darts (quivered)
 e - 3 curare-tipped darts
Armour
 b - a +0 robe (worn)
 c - a +0 cloak (worn)


   Skills:
 + Level 2.0 Fighting
 + Level 2.0 Short Blades
 + Level 1.3 Throwing
 + Level 0.7 Dodging
 + Level 2.8 Stealth


You couldn't memorise any spells.
You didn't know any spells.
Your spell library was empty.

Dungeon Overview and Level Annotations

Branches:
Dungeon (1/15)

Altars:


Innate Abilities, Weirdness & Mutations

You are completely covered in rugged brown scales. (AC +3, +7% HP)
You have supernaturally acute eyesight. (SInv)
Armour fits poorly on your strangely shaped body.
You can roll at nearby foes to attack.
You have a long armoured tail.


Message History

There's something in the way.
There's something in the way.
There's something in the way.
There's something in the way.
There's something in the way.
There's something in the way.
There's something in the way.
You hit the jackal.
The jackal is moderately wounded.
The jackal bites you but does no damage. x3
The jackal bites you.
* * * LOW HITPOINT WARNING * * *
The jackal attacks as you move away!
The jackal bites you but does no damage.
The jackal attacks as you move away! The jackal closely misses you.
The jackal barely misses you. The jackal completely misses you.
You barely miss the jackal. The jackal closely misses you.
The jackal attacks as you move away! The jackal barely misses you.
The jackal attacks as you move away! The jackal bites you.
* * * LOW HITPOINT WARNING * * *
The jackal closely misses you. The jackal bites you.
* * * LOW HITPOINT WARNING * * *
The jackal closely misses you. The jackal attacks as you move away!
The jackal bites you but does no damage.
You hit the jackal.
The jackal is moderately wounded.
The jackal bites you but does no damage.
You closely miss the jackal. You tail-slap the jackal.
The jackal is heavily wounded.
The jackal closely misses you. The jackal misses you.
The jackal attacks as you move away! The jackal closely misses you.
The jackal bites you.
* * * LOW HITPOINT WARNING * * *
The jackal bites you but does no damage.
The jackal bites you.
* * * LOW HITPOINT WARNING * * *
The jackal bites you.
You die...

...# .... ..).. ##
..... #.### ......
#...## ###......
#♣..h####.......)
#..hh.....†......
#♣.@####..#......
######.##...###....#
#<...#....### #...#
#..8.#..### ..##
#..8.'.## ##
#....#.# ######.#
♣.# ..#


You could see 3 jackals.

Vanquished Creatures
  A bat (D:1)
  A jackal (D:1)
2 creatures vanquished.

Notes
Turn   | Place    | Note
-------+----------+-------------------------------------------
     0 | D:1      | SensoryNuts the Palentonga Brigand began the quest for the
                  | Orb.
     0 | D:1      | Reached XP level 1. HP: 17/17 MP: 1/1
    35 | D:1      | Slain by a jackal

Illustrated notes

Levels and vault maps discovered:
D:1:      sevenhm_arrival_forest_fort_small_6, layout_rooms,
          shapermc_ecumenical_altar_mp_urbaneastern, dk_noncrumbling_2

Action                   || total
-------------------------++-------
Melee: Dagger            ||    13
       Tailslap          ||     1
Armor: Robe              ||    15
Dodge: Dodged            ||    26

Table legend: (Time is in decaauts)
 A = Elapsed time spent in this place.
 B = Non-inter-level travel time spent in this place.
 C = Inter-level travel time spent in this place.
 D = Time resting spent in this place.
 E = Time spent auto-exploring this place.
 F = Levels seen in this place.
 G = Mean time per level.
                   A        B        C        D        E       F      G
               +--------+--------+--------+--------+--------+-----+--------+
         Total |     33 |     33 |      0 |      0 |      6 |   1 |   33.0 |
       Dungeon |     33 |     33 |      0 |      0 |      6 |   1 |   33.0 |
               +--------+--------+--------+--------+--------+-----+--------+

Top non-repeatable levels by time:
     D:1: 33 daAuts
